 Dungeon Crawl Stone Soup version 0.31-a0-431-g88bdf31460 (webtiles) character file.

Game seed: 11403418506984739995

735 floatRand the Ruffian (level 7, -4/52 HPs)
             Began as a Black Draconian Shapeshifter on July 31, 2023.
             Was a Believer of Wu Jian.
             Slain by an ogre
             ... wielding a +0 giant club
              (17 damage)
             ... on level 5 of the Dungeon.
             The game lasted 00:06:11 (4403 turns).

floatRand the Ruffian (DrSh)                        Turns: 4403, Time: 00:06:11

Health: -4/52      AC:  6    Str: 17    XL:     7   Next: 45%
Magic:  7/7        EV: 12    Int:  9    God:    Wu Jian [**....]
Gold:   120        SH:  0    Dex: 13    Spells: 6/6 levels left

rFire   + .          .
                       - Unarmed
rCold   . . .        (no shield)
rNeg    . . .        (body armour unavailable)
rPois   .            (helmet currently unavailable)
rElec   +            (cloak currently unavailable)
rCorr   .            (gloves currently unavailable)
SInv    .            (boots currently unavailable)
Will    .....        (no amulet)
Stlth   +            h - ring of protection from fire
HPRegen 0.28/turn    (no ring)
MPRegen 0.10/turn

%: no passive effects
@: short of breath, beast-form
A: beast (slay +3), breathe lightning, AC +6, unfitting armour, electricity
resistance, cold-blooded
a: Breathe Lightning, Begin Untransformation, Renounce Religion, Wall Jump


You were on level 5 of the Dungeon.
You worshipped Wu Jian.
Wu Jian was pleased with you.
You were a hulking beast.
You visited 1 branch of the dungeon, and saw 5 of its levels.
You also visited: Ossuary.

You collected 236 gold pieces.
You spent 116 gold pieces at shops.

Inventory:

Missiles
 n - 2 throwing nets
Jewellery
 h - a ring of protection from fire (left hand)
Talismans
 b - a beast talisman (active)
Wands
 a - a wand of paralysis (10)
Scrolls
 c - a scroll of blinking
 d - a scroll of amnesia
 e - a scroll of enchant armour
 j - 2 scrolls of teleportation
 l - a scroll of revelation
Potions
 f - 2 potions of ambrosia
 g - a potion of resistance {unknown}
 i - 2 potions of berserk rage
 k - a potion of mutation
 o - 2 potions of brilliance
 p - 4 potions of curing {unknown}
 q - a potion of cancellation {unknown}
 r - a potion of enlightenment {unknown}
 t - a potion of heal wounds {unknown}


   Skills:
 - Level 1.1 Fighting
 - Level 1.7 Dodging
 * Level 7.4 Unarmed Combat
 + Level 5.0 Shapeshifting


You had 6 spell levels left.
You didn't know any spells.
Your spell library contained the following spells:

 Spells                   Type           Power      Damage    Failure   Level
 Slow                     Hex            0%         N/A       38%         1
 Confusing Touch          Hex            0%         N/A       77%         3
 Vampiric Draining        Necr           0%         2d6       77%         3


Dungeon Overview and Level Annotations

Branches:
Dungeon (5/15)             Temple (0/1) D:5         Ossuary (visited)

Altars:
Cheibriados
Kikubaaqudgha
Ru
Wu Jian

Shops:
D:3 *


Innate Abilities, Weirdness & Mutations

You are a hulking beast.
Your limbs bulge with bestial killing power. (Slay +3)
You can breathe wild blasts of lightning.
Your glossy black scales are hard. (AC +6)
You cannot fit into any form of body armour.
You are resistant to electric shocks. (rElec)
You are cold-blooded and may be slowed by cold attacks.


Message History

There is an open door here.
You open the door.
There is an open door here.
You open the door.
Found a stone staircase leading down.
There is an open door here.
Found an escape hatch in the ceiling.
There is a stone staircase leading down here.
An ogre comes into view. It is wielding a +0 giant club.
The ogre shouts!
An ogre is nearby!
An ogre is nearby!
Okay, then.
Okay, then.
Activating: Breathe Lightning (5% risk of failure)
Press: ? - help, Dir - look around, f - activate You breathe a wild blast of lightning!
The orb of electricity explodes!
The orb of electricity engulfs the ogre.
The ogre is lightly wounded.
The orb of electricity engulfs you! You resist. The bolt of lightning hits you.
You resist. The bolt of lightning misses you.
You hear a shout! x2; You hear a howl!
Unknown command.
Unknown command.
You hit the ogre.
The ogre is moderately wounded.
The ogre hits you with a +0 giant club!!
Ouch! That really hurt!
* * * LOW HITPOINT WARNING * * *
Unknown command.
You hit the ogre.
The ogre is heavily wounded.
Unknown command.
You are too injured to fight recklessly!
You are too injured to fight recklessly!
Unknown command.
You hit the ogre.
The ogre is severely wounded.
The ogre hits you with a +0 giant club!
You die...

###################
.......>.hO..<.....
#######.#######.###
#.# #.# ###'###
#.....# #.....#
#.....# # # #.....#
≈≈~~~..


You could see an ogre.

Vanquished Creatures
  Menkaure (Ossuary)
  An ice beast (D:5)
  A scorpion (D:4)
  3 orc priests (D:3)
  A jelly (D:4)
  2 orc wizards
  3 mummies (Ossuary)
  10 adders
  A gnoll (D:1)
  A shadow imp (D:5)
  2 worms (D:4)
  4 dart slugs
  13 orcs
  7 ball pythons
  6 bats
  12 endoplasms
  2 giant cockroaches
  8 gnoll zombies (Ossuary)
  9 goblins
  5 hobgoblins
  2 quokkas
  3 frilled lizards
  6 gnoll skeletons (Ossuary)
  5 goblin skeletons (Ossuary)
  7 goblin zombies (Ossuary)
  5 hobgoblin skeletons (Ossuary)
  A hobgoblin zombie (Ossuary)
  11 kobolds
  3 kobold skeletons (Ossuary)
  3 kobold zombies (Ossuary)
  An orc skeleton (Ossuary)
  3 orc zombies (Ossuary)
  7 rats
  5 rat skeletons (Ossuary)
  3 rat zombies (Ossuary)
157 creatures vanquished.

Vanquished Creatures (others)
  A human (D:4)
1 creature vanquished.

Grand Total: 158 creatures vanquished

Notes
Turn   | Place    | Note
-------+----------+-------------------------------------------
     0 | D:1      | floatRand the Draconian Shapeshifter began the quest for
                  | the Orb.
     0 | D:1      | Reached XP level 1. HP: 16/16 MP: 1/1
    35 | D:1      | You fall into a shaft and drop 1 floor!
   148 | D:2      | Reached XP level 2. HP: 16/23 MP: 2/2
   203 | D:2      | Found a faded altar of an unknown god.
   319 | D:1      | Reached XP level 3. HP: 28/28 MP: 3/3
   471 | D:1      | Reached skill level 4 in Unarmed Combat
   774 | D:1      | Reached XP level 4. HP: 33/35 MP: 4/4
  1865 | D:3      | Reached skill level 5 in Unarmed Combat
  1865 | D:3      | Reached XP level 5. HP: 40/40 MP: 5/5
  2078 | D:3      | Reached XP level 6. HP: 6/47 MP: 6/6
  2082 | D:3      | HP: 2/47 [poisoned by an orc]
  2287 | D:3      | Found Akhouvul's Assorted Antiques.
  2295 | D:3      | Bought a scroll labelled TYMNEI HEYNA for 32 gold pieces
  2295 | D:3      | Bought an emerald potion for 28 gold pieces
  2295 | D:3      | Bought a lumpy yellow potion for 28 gold pieces
  2295 | D:3      | Bought a lumpy yellow potion for 28 gold pieces
  2458 | D:3      | Found an ornate altar of the Wu Jian Council.
  2500 | D:3      | Became a worshipper of the Wu Jian Council
  2691 | D:4      | Found a sand-covered staircase.
  2731 | D:4      | Reached skill level 6 in Unarmed Combat
  2889 | D:4      | Found a sacrificial altar of Ru.
  2983 | D:4      | Found a snail-covered altar of Cheibriados.
  3028 | Ossuary  | Entered an ossuary
  3029 | Ossuary  | Reached * piety under Wu Jian
  3317 | Ossuary  | Reached ** piety under Wu Jian
  3381 | Ossuary  | Noticed Menkaure
  3392 | Ossuary  | Killed Menkaure
  3393 | Ossuary  | Reached skill level 7 in Unarmed Combat
  3393 | Ossuary  | Your scales start taking on a glossy black colour.
  3393 | Ossuary  | Reached XP level 7. HP: 41/52 MP: 7/7
  3393 | Ossuary  | Gained mutation: You are resistant to electric shocks.
                  | (rElec) [Black Draconian growth]
  4085 | D:4      | Found an ancient bone altar of Kikubaaqudgha.
  4086 | D:4      | Noticed a human
  4089 | D:4      | Killed a human
  4143 | D:5      | Entered Level 5 of the Dungeon
  4165 | D:5      | Reached skill level 5 in Shapeshifting
  4327 | D:5      | Found a staircase to the Ecumenical Temple.
  4403 | D:5      | Slain by an ogre

Illustrated notes

Levels and vault maps discovered:
D:1:      minmay_arrival_widening_spiral_wide, layout_loops_ring,
          minmay_split_cup_small
D:2:      layout_loops_ring, chequers_ecumenical_altar_simple
D:3:      layout_loops_ring, nicolae_wu_jian_immortal_techniques, serial_shops,
          nicolae_shop_tiny_statue_garden
D:4:      layout_basic, tgw_kikubaaqudgha, mainiacjoe_overflow_paths,
          chei_slow_surprise, enter_ossuary_1, minmay_quadrilaterals
D:5:      layout_basic, minmay_temple_entry_grid,
          nicolae_concentric_dashed_squares_mild, st_stairs_9,
          chequers_big_river, guppyfry_early_orc_mine

Skill      XL: |  1  2  3  4  5  6  7 |
---------------+----------------------+-----
Unarmed Combat | 4 5 7 |  7.4
Shapeshifting  | 4 5 |  5.0
Fighting       | |  1.1
Dodging        | |  1.7

Action                     |  1- 3 |  4- 6 |  7- 9 || total
---------------------------+-------+-------+-------++-------
  Melee: Unarmed           |    74 |   262 |    46 ||   382
         Punch             |     2 |    10 |     3 ||    15
         Tailslap          |     8 |    26 |     6 ||    40
Ability: Lunge             |       |    18 |     6 ||    24
         Breathe Lightning |       |       |     1 ||     1
    Use: Potion            |       |     3 |       ||     3
         Scroll            |       |     3 |    10 ||    13
   Stab: Sleeping          |     1 |     1 |       ||     2
 Armour: Skin              |    22 |    62 |     4 ||    88
  Dodge: Dodged            |    37 |    99 |    16 ||   152

Table legend: (Time is in decaauts)
 A = Elapsed time spent in this place.
 B = Non-inter-level travel time spent in this place.
 C = Inter-level travel time spent in this place.
 D = Time resting spent in this place.
 E = Time spent auto-exploring this place.
 F = Levels seen in this place.
 G = Mean time per level.
                   A        B        C        D        E       F      G
               +--------+--------+--------+--------+--------+-----+--------+
         Total |   4401 |   4168 |    233 |    432 |   2439 |   6 |  733.5 |
       Dungeon |   3839 |   3606 |    233 |    292 |   2276 |   5 |  767.8 |
       Ossuary |    562 |    562 |      0 |    140 |    163 |   1 |  562.0 |
               +--------+--------+--------+--------+--------+-----+--------+

Top non-repeatable levels by time:
     D:3: 1159 daAuts
     D:4: 930 daAuts
     D:1: 828 daAuts
     D:2: 660 daAuts
 Ossuary: 562 daAuts
     D:5: 260 daAuts
